 Dungeon Crawl Stone Soup version 0.28-a0-834-g1a73be5ee4 (webtiles) character file.

Game seed: 560268246159132431

1656 avis the Martial Artist (level 9, -7/61 HPs)
             Began as an Octopode Transmuter on Nov 11, 2021.
             Was an Initiate of Gozag.
             Mangled by a five-headed hydra (16 damage)
             ... on level 7 of the Dungeon.
             The game lasted 00:39:36 (6549 turns).

avis the Martial Artist (Octopode Transmuter)       Turns: 6549, Time: 00:39:36

Health: -7/61      AC:  2    Str: 12    XL:     9   Next: 0%
Magic:  2/12       EV: 24    Int: 16    God:    Gozag
Gold:   176        SH:  0    Dex: 17    Spells: 2/12 levels left

rFire   . . .      SeeInvis .     - Unarmed
rCold   . . .      Faith    .   (shield currently unavailable)
rNeg    . . .      Spirit   .   (helmet currently unavailable)
rPois   .          Reflect  .   h - amulet of regeneration
rElec   .          Harm     .   g - ring of poison resistance
rCorr   .          Rampage  .   v - +4 ring of evasion
Will    .....                   (no ring)
Stlth   ++........              (no ring)
HPRegen 1.20/turn               (no ring)
MPRegen 0.13/turn               (no ring)
                                (no ring)
                                (no ring)

@: spider-form, very slightly contaminated
A: venomous fangs, almost no armour, (amphibious), 8 rings, tiny, (camouflage
1), (gelatinous body 1), (nimble swimmer 1), (tentacles)
a: End Transformation, Renounce Religion, Potion Petition, Call Merchant, Bribe
Branch


You were on level 7 of the Dungeon.
You worshipped Gozag.
Gozag was aware of your devotion.
You were a venomous arachnid creature.
You visited 2 branches of the dungeon, and saw 8 of its levels.
You also visited: Sewer.

You collected 305 gold pieces.
You paid 129 gold pieces to Gozag.

Inventory:

Hand Weapons
 b - a +1 hunting sling
 p - a +0 spear of venom
Missiles
 a - 126 stones
 e - 116 sling bullets
 f - 31 poisoned darts
 i - 2 throwing nets
 o - a curare-tipped dart
 r - 44 bolts
Magical Staves
 w - a staff of cold
Jewellery
 g - a ring of poison resistance (left front leg)
 h - an amulet of regeneration (around neck)
 v - a +4 ring of evasion (right front leg)
Scrolls
 k - a scroll of fog
 s - a scroll of teleportation
Potions
 c - a potion of resistance {unknown}
 d - 3 potions of flight
 j - 2 potions of curing
 m - 2 potions of brilliance
 q - 2 potions of heal wounds
 x - 2 potions of lignification {unknown}


   Skills:
 * Level 5.2 Fighting
 - Level 3.0 Dodging
 - Level 1.0 Stealth
 - Level 9.0 Unarmed Combat
 - Level 2.0 Spellcasting
 - Level 4.0 Transmutations
 - Level 2.0 Ice Magic
 - Level 1.0 Poison Magic


You had 2 spell levels left.
You knew the following spells:

 Your Spells              Type           Power      Damage    Failure   Level
a - Beastly Appendage     Tmut           28%        N/A       13%         1
c - Passwall              Tmut/Erth      6%         N/A       32%         2
p - Spider Form           Tmut/Pois      9%         N/A       43%         3
q - Ice Form              Ice/Tmut       11%        N/A       73%         4

Your spell library contained the following spells:

 Spells                   Type           Power      Damage    Failure   Level
 Wereblood                Tmut           14%        N/A       17%         2
 Sandblast                Erth           2%         2d4       41%         1
 Poisonous Vapours        Pois/Air       6%         N/A       47%         2
 Corpse Rot               Necr/Air       2%         N/A       52%         2
 Dazzling Flash           Conj/Hex       2%         N/A       73%         3
 Stone Arrow              Conj/Erth      2%         3d7       73%         3
 Iskenderun's Mystic Bla  Conj/Tloc      1%         2d3       97%         4
 Passage of Golubria      Tloc           1%         N/A       97%         4
 Silence                  Hex/Air        0%         N/A       100%        5
 Starburst                Conj/Fire      0%         6d3       100%        6
 Lehudib's Crystal Spear  Conj/Erth      0%         10d2      100%        8


Dungeon Overview and Level Annotations

Branches:
Dungeon (7/15)             Temple (1/1) D:7           Sewer (visited)

Altars:
Ashenzari
Cheibriados
Dithmenos
Elyvilon
Fedhas
Gozag
Hepliaklqana
Kikubaaqudgha
Makhleb
Nemelex Xobeh
Okawaru
Qazlal
Ru
Sif Muna
Trog
Uskayaw
Vehumet
Wu Jian
Xom
Yredelemnul
Zin
The Shining One

Shops:
D:6 *   D:7 *

Portals:
Abyss: D:6

Annotations:
D:5 2 runed translucent doors, exclusion: door, Crazy Yiuf; dracfodder's ghost, novice GrIE
D:6 2 transporters, Edmund; mewnfare's ghost, novice OpTm


Innate Abilities, Weirdness & Mutations

You are a venomous arachnid creature.
You have poisonous fangs.
You are tiny and dextrous.
Your spellcasting is less reliable in this form.
Your armour is entirely melded.
You are incapable of wielding weapons or throwing items.
You cannot wear most types of armour.
((You are amphibious.))
You can wear up to eight rings at the same time.
((Your skin changes colour to match your surroundings (Stealth+).))
((Your rubbery body absorbs attacks. (AC +1, EV +1)))
((You are camouflaged near water. (Stealth+)))
((You have tentacles for arms and can constrict up to eight enemies at once.))


Message History

Magic restored.
You open the door.
A five-headed hydra comes into view.
There is an open door here.
Casting: Spider Form (dangerous; 22% risk of failure)
Confirm with . or Enter, or press ? or * to list all spells.
The spell is quite dangerous to cast (52% risk of failure)!
Continue anyway?
You miscast Ice Form.
You are very lightly contaminated with residual magic.
Nothing appears to happen.
The five-headed hydra bites you. The five-headed hydra bites you!
The five-headed hydra bites you. The five-headed hydra bites you!
The five-headed hydra bites you.
Okay, then.
Okay, then.
Casting: Ice Form (quite dangerous; 52% risk of failure)
Confirm with . or Enter, or press ? or * to list all spells.
You miscast Spider Form.
Nothing appears to happen.
The five-headed hydra bites you!
* * * LOW HITPOINT WARNING * * *
The five-headed hydra misses you. x3; The five-headed hydra bites you.
* * * LOW HITPOINT WARNING * * *
Okay, then.
You feel much better.
The five-headed hydra closely misses you.
The five-headed hydra bites you!
* * * LOW HITPOINT WARNING * * *
The five-headed hydra bites you!
* * * LOW HITPOINT WARNING * * *
The five-headed hydra completely misses you.
The five-headed hydra closely misses you.
Casting: Spider Form (dangerous; 22% risk of failure)
Confirm with . or Enter, or press ? or * to list all spells.
You turn into a venomous arachnid creature.
The five-headed hydra completely misses you.
The five-headed hydra closely misses you.
The five-headed hydra misses you.
The five-headed hydra barely misses you.
The five-headed hydra bites you!
You die...
Your body crumbles into a pile of gold.

#....#..................#.
#....#........≈.∩.#.....#.
#....#..................'.
#....#..........≈.......#. .
#....#..................#.
.#######....#+####+##..#########.
...#.....##......................
..........#......................
..........+.....s................
..###.##.##....D...........<.....
..######.#####'#............#+###
.... ........#............#.>..
.... .........#............#....
##+# ##########............#+###
.... ....#+###..... # .... ....+
#...... . .... ...# #...... #.


You could see a five-headed hydra.

Vanquished Creatures
  Grinder (D:6)
  Menkaure (D:5)
  2 water moccasins (D:6)
  A black bear (D:6)
  2 necrophages
  2 ogres
  2 phantoms
  A kobold brigand (Sewer)
  A scorpion (D:5)
  2 centaur zombies
  A bullfrog skeleton (D:3)
  A centaur skeleton (D:5)
  2 hounds
  4 iguanas
  A killer bee zombie (D:7)
  A hound skeleton (D:5)
  2 river rats
  An adder (D:2)
  A howler monkey skeleton (D:5)
  An ufetubus (D:5)
  An adder skeleton (D:4)
  3 dart slugs
  4 orcs
  4 ball pythons
  6 endoplasms
  6 giant cockroaches
  4 goblins
  6 hobgoblins
  2 jackals (Sewer)
  9 kobolds
  5 quokkas
  5 bats
  5 frilled lizards
  9 rats
99 creatures vanquished.

Vanquished Creatures (others)
  2 withered plants (D:5)
2 creatures vanquished.

Grand Total: 101 creatures vanquished

Notes
Turn   | Place    | Note
-------+----------+-------------------------------------------
     0 | D:1      | avis the Octopode Transmuter began the quest for the Orb.
     0 | D:1      | Reached XP level 1. HP: 13/13 MP: 3/3
   354 | D:1      | Reached XP level 2. HP: 18/18 MP: 3/5
   601 | D:1      | Reached skill level 4 in Unarmed Combat
   705 | D:1      | Reached XP level 3. HP: 23/23 MP: 4/6
   709 | D:1      | Learned a level 3 spell: Spider Form
  1289 | D:2      | Reached skill level 1 in Poison Magic
  1486 | D:2      | Reached XP level 4. HP: 29/29 MP: 7/7
  2123 | D:3      | Reached skill level 5 in Unarmed Combat
  2123 | D:3      | Reached XP level 5. HP: 33/35 MP: 6/8
  2639 | D:3      | Found a blossoming altar of Fedhas.
  2748 | D:4      | Noticed a necrophage
  2912 | D:4      | Noticed an ogre
  2919 | D:4      | Reached skill level 1 in Stealth
  2941 | D:4      | Killed an ogre
  2942 | D:4      | Reached XP level 6. HP: 29/42 MP: 6/9
  3158 | D:4      | Killed a necrophage
  3159 | D:4      | Reached skill level 6 in Unarmed Combat
  3630 | D:4      | Learned a level 2 spell: Passwall
  3651 | D:5      | Entered Level 5 of the Dungeon
  3791 | D:5      | Found a runed translucent door.
  3792 | D:5      | Noticed Crazy Yiuf
  3818 | D:5      | Found a runed translucent door.
  3818 | D:5      | Noticed dracfodder's ghost (novice GrIE)
  3850 | D:5      | Reached XP level 7. HP: 20/46 MP: 6/10
  3887 | D:5      | Noticed Menkaure
  3938 | D:5      | Killed Menkaure
  3939 | D:5      | Reached skill level 7 in Unarmed Combat
  4009 | D:5      | Learned a level 4 spell: Ice Form
  4652 | D:5      | Reached skill level 5 in Fighting
  4674 | D:6      | Reached skill level 1 in Ice Magic
  4674 | D:6      | Reached XP level 8. HP: 24/55 MP: 7/11
  4704 | D:6      | Noticed Edmund
  4734 | D:6      | Found a glowing drain.
  4738 | Sewer    | Entered a sewer
  4826 | Sewer    | Found a white marble altar of Elyvilon.
  5009 | D:6      | Found Xani's Assorted Antiques.
  5058 | D:6      | Found a transporter.
  5059 | D:6      | Found a transporter.
  5073 | D:6      | Noticed Grinder
  5081 | D:6      | Paralysed by Grinder for 2 turns
  5090 | D:6      | Killed Grinder
  5128 | D:6      | Found a one-way gate to the infinite horrors of the Abyss.
  5128 | D:6      | Noticed mewnfare's ghost (novice OpTm)
  5181 | D:6      | Reached skill level 8 in Unarmed Combat
  5229 | D:6      | Upgraded the game from 0.28-a0-828-g0121872642 to
                  | 0.28-a0-834-g1a73be5ee4
  5262 | D:6      | Reached skill level 9 in Unarmed Combat
  5659 | D:7      | Found a staircase to the Ecumenical Temple.
  5672 | Temple   | Entered the Ecumenical Temple
  6306 | Temple   | Became a worshipper of Gozag Ym Sagoz the Greedy
  6398 | D:7      | Found Vit Tech's Elemental Accessories.
  6518 | D:7      | Reached XP level 9. HP: 58/61 MP: 9/12
  6543 | D:7      | Noticed a five-headed hydra
  6549 | D:7      | Mangled by a five-headed hydra

Illustrated notes

Levels and vault maps discovered:
D:1:      lemuel_arrival_broad_hall, layout_basic, minmay_ruptured
D:2:      layout_rooms
D:3:      layout_loops_ring, mainiacjoe_overflow_chevrons,
          amcnicky_mini_pool_small, minmay_strange_pillars, minivault_26
D:4:      layout_basic
D:5:      layout_basic, gammafunk_ghost_grave, uniq_menkaure,
          uniq_crazy_yiuf_cottage
D:6:      layout_basic, gammafunk_ghost_abyssal_escape, serial_shops,
          kennysheep_mini_moat, gup_sewer_entry_bowl, corner_web_ring,
          corexii_corridor_pit, amcnicky_mini_corridor_feature, uniq_edmund,
          uniq_grinder
D:7:      layout_gridville, minmay_temple_entry_trees, ebering_ghost_xom,
          nicolae_elemental_shop
Temple:   mainiacjoe_temple_starburst

Skill      XL: |  1  2  3  4  5  6  7  8 |
---------------+-------------------------+-----
Unarmed Combat | 4 5 6 7 9 |  9.0
Fighting       | 2 3 5 |  5.2
Poison Magic   | 1 |  1.0
Stealth        | 1 |  1.0
Transmutations | 3 4 |  4.0
Dodging        | 3 |  3.0
Ice Magic      | 1 2 |  2.0
Spellcasting   | |  2.0

Action                   |  1- 3 |  4- 6 |  7- 9 || total
-------------------------+-------+-------+-------++-------
Melee: Unarmed           |    75 |    68 |   131 ||   274
       Constrict         |    18 |    11 |    12 ||    41
       Tentacles         |    11 |     8 |    10 ||    29
       Kick              |    15 |    13 |    13 ||    41
       Punch             |     3 |       |     2 ||     5
 Fire: Hunting sling     |    24 |       |       ||    24
 Cast: Beastly Appendage |    24 |    13 |    10 ||    47
       Spider Form       |       |    12 |    16 ||    28
  Use: Scroll            |     3 |     2 |     6 ||    11
       Potion            |       |       |     2 ||     2
 Stab: Sleeping          |     2 |     2 |     2 ||     6
Armor: Skin              |     8 |     3 |     4 ||    15
Dodge: Dodged            |    33 |    36 |   112 ||   181

Table legend: (Time is in decaauts)
 A = Elapsed time spent in this place.
 B = Non-inter-level travel time spent in this place.
 C = Inter-level travel time spent in this place.
 D = Time resting spent in this place.
 E = Time spent auto-exploring this place.
 F = Levels seen in this place.
 G = Mean time per level.
                   A        B        C        D        E       F      G
               +--------+--------+--------+--------+--------+-----+--------+
         Total |   6531 |   5905 |    626 |   1004 |   3224 |   9 |  725.7 |
       Dungeon |   5684 |   5159 |    525 |   1004 |   2671 |   7 |  812.0 |
        Temple |    698 |    597 |    101 |      0 |    553 |   1 |  698.0 |
         Sewer |    148 |    148 |      0 |      0 |      0 |   1 |  148.0 |
               +--------+--------+--------+--------+--------+-----+--------+

Top non-repeatable levels by time:
     D:1: 1218 daAuts
     D:4: 1014 daAuts
     D:5: 921 daAuts
     D:6: 848 daAuts
     D:3: 832 daAuts
  Temple: 698 daAuts
     D:2: 676 daAuts
     D:7: 173 daAuts
   Sewer: 148 daAuts
